 Dungeon Crawl Stone Soup version 0.23.2-1-ga50397a6bc (webtiles) character file.

Game seed: 12305456531271732693

19 MisterOstroum the Ruffian (level 2, -1/25 HPs)
             Began as a Naga Transmuter on Apr 26, 2019.
             Slain by a jackal (2 damage)
             ... on level 1 of the Dungeon.
             The game lasted 00:03:31 (1060 turns).

MisterOstroum the Ruffian (Naga Transmuter)         Turns: 1060, Time: 00:03:31

Health: -1/25      AC:  1    Str: 12    XL:     2   Next: 75%
Magic:  4/5        EV: 10    Int: 13    God:
Gold:   50         SH:  0    Dex: 11    Spells: 5/6 levels left

rFire    . . .     SeeInvis +   j - +0 short sword
rCold    . . .     Gourm    .   (no shield)
rNeg     . . .     Faith    .   b - +0 robe
rPois    +         Spirit   .   (no helmet)
rElec    .         Reflect  .   (no cloak)
rCorr    .         Harm     .   (no gloves)
MR       .....                  (no barding)
Stlth    +.........             (no amulet)
HPRegen  0.08/turn              (no ring)
MPRegen  0.09/turn              (no ring)

@: appendage (expiring), very slow
A: large, horns 2, see invisible, deformed body, poison resistance, slowness 2,
slow metabolism 1, spit poison 1, AC +0
a: Spit Poison, End Transformation


You were on level 1 of the Dungeon.
You were not hungry.
You had grown temporary horns.
You visited 1 branch of the dungeon, and saw 1 of its levels.

You collected 50 gold pieces.

Inventory:

Hand Weapons
 j - a +0 short sword (weapon)
Missiles
 a - 34 arrows
 f - 63 stones (quivered)
Armour
 b - a +0 robe (worn)
Jewellery
 h - an uncursed ring of ice {unknown}
Scrolls
 c - a scroll of amnesia {unknown}
 g - a scroll of teleportation {unknown}
 i - 2 scrolls of enchant armour {unknown}
Potions
 d - a potion of haste {unknown}
Comestibles
 e - a ration
 k - a chunk of flesh


   Skills:
 - Level 1.0 Fighting
 - Level 1.5 Dodging
 - Level 3.2 Unarmed Combat
 * Level 2.6 Spellcasting
 + Level 2.3 Transmutations


You had 5 spell levels left.
You knew the following spells:

 Your Spells              Type           Power        Failure   Level  Hunger
a - Beastly Appendage     Tmut           #.....       10%         1    #......

Your spell library contained the following spells:

 Spells                   Type           Power        Failure   Level  Hunger
 Sticks to Snakes         Tmut           #.......     14%         2    ###....
 Spider Form              Tmut/Pois      #.........   41%         3    ###....
 Ice Form                 Ice/Tmut       #.......     83%         4    #####..
 Blade Hands              Tmut           #.........   95%         5    ######.


Dungeon Overview and Level Annotations

Branches:
Dungeon (1/15)

Altars:


Innate Abilities, Weirdness & Mutations

You cannot wear boots.
Your serpentine skin is tough. (AC +0)
You have supernaturally acute eyesight. (SInv)
Armour fits poorly on your strangely shaped body.
Your system is resistant to poisons. (rPois)
You cover ground very slowly.
You have a slow metabolism.
You can spit poison.
You have a pair of horns on your head.


Message History

You hit the goblin but do no damage. The goblin completely misses you.
You barely miss the goblin. The goblin closely misses you.
You barely miss the goblin. You headbutt the goblin.
You kill the goblin!
No target in view!
No target in view!
No target in view!
No target in view!
No target in view!
No target in view!
No target in view!
No target in view!
No target in view!
No target in view!
No target in view!
No target in view!
No target in view!
No target in view!
No target in view!
Your transformation is almost over.
Magic restored.
There is an open door here.
Your horns disappear.
There is a stone staircase leading down here.
h - a small ivory ring You enter the shallow water.
Moving in this stuff is going to be slow.
You enter the shallow water.
Moving in this stuff is going to be slow.
Found a hand axe.
The rat is too close now for your liking.
A rat is nearby!
The rat barely misses you. The rat bites you.
You hit the rat but do no damage. The rat barely misses you.
You barely miss the rat. The rat bites you.
You barely miss the rat. The rat bites you but does no damage.
You hit the rat.
You kill the rat!
No target in view!
No target in view!
No target in view!
No target in view!
No target in view!
No target in view!
No target in view!
No target in view!
No target in view!
No target in view!
No target in view!
No target in view!
No target in view!
No target in view!
No target in view!
No target in view!
No target in view!
No target in view!
You butcher the rat corpse.
k - a chunk of flesh You see here a rat skeleton. x2
Found 20 bolts.
A kobold comes into view. It is wielding a +0 club.
The kobold shouts!
A jackal comes into view. x2
The jackal moves out of view. 2 jackals come into view.
The jackal barks!
Found a scroll labeled UGAEST WUILAM.
The jackal barks! x3
You hit the kobold.
The kobold is moderately wounded.
The kobold hits you with a +0 club.
You barely miss the kobold.
The kobold is moderately wounded.
The kobold closely misses you.
You hit the kobold.
You kill the kobold!
The jackal bites you. x3; The jackal barely misses you.
You hit the jackal but do no damage. The jackal bites you.
The jackal closely misses you. x2; The jackal bites you. x2
You closely miss the jackal. The jackal bites you.
The jackal closely misses you.
The jackal bites you but does no damage.
The jackal bites you. x2; The jackal closely misses you.
Casting: Beastly Appendage (safe; 10% risk of failure)
Confirm with . or Enter, or press ? or * to list all spells.
You grow a pair of large bovine horns.
Your transformation is almost over.
The jackal bites you. The jackal barely misses you. The jackal bites you.
* * * LOW HITPOINT WARNING * * *
The jackal bites you.
* * * LOW HITPOINT WARNING * * *
You miss the jackal.
The jackal bites you but does no damage.
The jackal bites you.
* * * LOW HITPOINT WARNING * * *
The jackal bites you but does no damage.
The jackal bites you.
* * * LOW HITPOINT WARNING * * *
The jackal barely misses you. x2; The jackal bites you.
You die...

.##..##....#.##...#...###
....................###.#
.###...÷.......##...#P≈.♣
#.....#####.######P≈<. #
#####.#.....# #P≈.♣ ..#
#......# ###.#
....###...##.# ###
.............#
.......@h....# #######
......hhh....#####......
..(..........'...'...)..
..........[..#####......
.............# #.......
.............# #.......
.?.....####### #..###.#
....... #..#.... #..#...>


You could see 4 jackals.

Vanquished Creatures
  3 goblins (D:1)
  A hobgoblin (D:1)
  2 kobolds (D:1)
  6 bats (D:1)
  3 frilled lizards (D:1)
  3 rats (D:1)
18 creatures vanquished.

Notes
Turn   | Place    | Note
-------+----------+-------------------------------------------
     0 | D:1      | MisterOstroum the Naga Transmuter began the quest for the
                  | Orb.
     0 | D:1      | Reached XP level 1. HP: 18/18 MP: 3/3
   325 | D:1      | Reached XP level 2. HP: 17/25 MP: 5/5
  1060 | D:1      | HP: 1/25 [jackal (2)]
  1060 | D:1      | Slain by a jackal

Action                   || total
-------------------------++-------
Melee: Unarmed           ||    52
       Short sword       ||    13
       Headbutt          ||     1
Throw: Stone             ||     4
 Cast: Beastly Appendage ||     4
 Abil: Spit Poison       ||     1
 Stab: Sleeping          ||     1
  Eat: Ration            ||     1
Armor: Robe              ||    25
Dodge: Dodged            ||    66
